 Dungeon Crawl Stone Soup version 0.21.1-1-g345015fe64 (webtiles) character file.

5569 Veritas99 the Archer (level 10, -1/93 HPs)
             Began as a Centaur Hunter on July 19, 2018.
             Was an Elder of the Shining One.
             Slain by a white ugly thing (42 damage)
             ... on level 8 of the Dungeon on July 31, 2018.
             The game lasted 00:55:45 (7458 turns).

Veritas99 the Archer (Centaur Hunter)               Turns: 7458, Time: 00:55:46

Health: -1/93      AC: 11    Str: 15    XL:     10   Next: 44%
Magic:  10/10      EV: 10    Int: 10    God:    the Shining One [****..]
Gold:   448        SH:  0    Dex: 13    Spells: 9/9 levels left

rFire    + . .     SeeInvis .   p - +1 shortbow
rCold    x . .     Gourm    .   (shield currently unavailable)
rNeg     + + .     Faith    .   c - +2 leather armour {lulz}
rPois    .         Spirit   .   D - +0 helmet
rElec    .         Reflect  .   x - scarf {cloud immunity}
rCorr    .         Harm     .   (no gloves)
MR       .....                  (no barding)
Stlth    +.........             a - amulet of regeneration
HPRegen  0.65/turn              m - +3 ring of protection
MPRegen  0.12/turn              H - ring of fire

@: glowing, very quick
A: large, hooves 3, deformed body, speed 2, tough skin 3
a: Divine Shield, Cleansing Flame, Renounce Religion


You were on level 8 of the Dungeon.
You worshipped the Shining One.
The Shining One was greatly pleased with you.
You were not hungry.

You visited 1 branch of the dungeon, and saw 8 of its levels.

You collected 448 gold pieces.

Inventory:

Hand Weapons
 o - a +0 shortbow
 p - a +1 shortbow (weapon)
 u - a +0 shortbow
 y - a +0 scythe
Missiles
 d - 120 arrows (quivered)
 i - 20 bolts
 t - 8 needles of sleeping
 B - 12 poisoned needles
Armour
 c - a +2 leather armour (worn) {lulz}
 q - a +0 ring mail
 x - a scarf of cloud immunity (worn)
 z - a +0 robe
 A - a +0 buckler
 D - a +0 helmet (worn)
 G - a +0 robe
Jewellery
 a - an amulet of regeneration (around neck)
 m - a +3 ring of protection (left hand)
 r - an uncursed amulet of the gourmand
 H - a ring of fire (right hand)
 I - an uncursed ring of protection from cold
 P - an uncursed amulet of harm {unknown}
Wands
 b - a wand of disintegration (6)
 l - a wand of flame (40)
 n - a wand of iceblast (5)
 J - a wand of paralysis (5)
 O - a wand of digging (11)
Scrolls
 s - 3 scrolls of immolation
 v - 2 scrolls of remove curse
 E - a scroll of amnesia {unknown}
 F - a scroll of brand weapon {unknown}
 K - a scroll of blinking
Potions
 e - 3 potions of curing
 j - a potion of berserk rage
 k - 4 potions of heal wounds
 w - a potion of magic {unknown}
 C - 2 potions of agility {unknown}
 L - a potion of lignification
Books
 g - a book of Dreams

   Spells                             Type                      Level
   a - Ensorcelled Hibernation        Hexes/Ice                    2
   b - Borgnjor's Vile Clutch         Necromancy/Earth             5
   c - Silence                        Hexes/Air                    5
   d - Darkness                       Hexes                        6
   e - Shadow Creatures               Summoning                    6
 h - a book of Flames

   Spells                             Type                      Level
   a - Flame Tongue                   Conjuration/Fire             1
   b - Throw Flame                    Conjuration/Fire             2
   c - Conjure Flame                  Conjuration/Fire             3
   d - Inner Flame                    Hexes/Fire                   3
   e - Sticky Flame                   Conjuration/Fire             4
   f - Fireball                       Conjuration/Fire             5
 M - a book of Minor Magic

   Spells                             Type                      Level
   a - Magic Dart                     Conjuration                  1
   b - Blink                          Translocation                2
   c - Call Imp                       Summoning                    2
   d - Slow                           Hexes                        2
   e - Conjure Flame                  Conjuration/Fire             3
   f - Mephitic Cloud                 Conjuration/Poison/Air       3
Comestibles
 f - 12 rations


   Skills:
 + Level 10.2 Fighting
   Level 1.1 Short Blades
 - Level 14.0 Bows
 + Level 3.3 Armour
 + Level 2.5 Dodging
 + Level 1.1 Stealth


You had 9 spell levels left.
You didn't know any spells.

Dungeon Overview and Level Annotations

Branches:
Dungeon (8/15)             Temple (0/1) D:6
   Lair: D:8-11

Altars:
Fedhas
Okawaru
Uskayaw
Wu Jian
The Shining One

Shops:
D:7 =


Innate Abilities, Weirdness & Mutations

You have hooves in place of feet.
Armour fits poorly on your strangely shaped body.
You cover ground very quickly.
You have extremely tough skin. (AC +3)


Message History

Aim: an unseen horror (almost dead, slightly transparent, haloed)
You shoot an arrow.
The arrow hits the white ugly thing but does no damage.
Firing (i - inventory):
d - 122 arrows (quivered)
Press: ? - help, Shift-Dir - straight line, f/p - unseen horror
Aim: an unseen horror (almost dead, slightly transparent, haloed)
You shoot an arrow. The arrow hits the white ugly thing.
The white ugly thing is lightly wounded.
The white ugly thing tail-slaps you! The white ugly thing freezes you!!
You feel a terrible chill!
Okay, then.
There are no items here.
Firing (i - inventory):
d - 121 arrows (quivered)
Press: ? - help, Shift-Dir - straight line, f/p - unseen horror
Aim: an unseen horror (almost dead, slightly transparent, haloed)
You shoot an arrow. The arrow hits the white ugly thing!
The white ugly thing is moderately wounded.
The white ugly thing tail-slaps you. The white ugly thing freezes you!!!
You feel a terrible chill!
You die...

#...<##.#.# #.#.## #
#.#.# #.##.#.#
#.#....#.# ........÷#
#.#..##..##
#########...#########
#.xu@..##...##......#
#(.##..#(.#..#.†##..#
#. #..##..#..##..#..#
# ##..#..###..#..##.#
#..##..# #..##..#)#
##..#..## ##..#..###
#..##..# #.†##..#
##..#..## ##..#..##
#..##..# #..##.)#


You could see a white ugly thing and an unseen horror (invisible).

Vanquished Creatures
  A two-headed ogre (D:8)
  A rime drake (shapeshifter) (D:8)
  The ghost of Ablot the Slasher, an amateur GnWn (D:4)
  Grinder (D:5)
  A hippogriff (D:8)
  Sigmund (D:5)
  Menkaure (D:5)
  A water moccasin (D:5)
  An orc warrior (D:6)
  3 sky beasts
  A phantom (D:8)
  A necrophage (D:7)
  7 ogres
  4 ice beasts
  2 centaurs (D:5)
  2 bullfrogs
  2 scorpions
  14 wights
  A howler monkey (D:6)
  3 crimson imps
  6 hounds
  4 jellies
  3 orc priests
  A centaur skeleton (D:6)
  6 orc wizards
  4 iguanas
  7 worker ants
  A hound skeleton (D:7)
  A worker ant zombie (D:8)
  2 howler monkey skeletons
  13 adders
  A shadow imp (D:5)
  2 adder zombies (D:6)
  4 worms
  A dart slug (D:5)
  7 leopard geckos
  15 orcs
  4 bats
  3 giant cockroaches (D:3)
  6 hobgoblins
  12 jackals
  4 kobolds
  2 quokkas
  2 ball pythons
  4 frilled lizards
  2 goblins
  A jackal zombie (D:5)
  A leopard gecko skeleton (D:4)
  A quokka zombie (D:8)
  5 rats
174 creatures vanquished.

Notes
Turn   | Place    | Note
-------+----------+-------------------------------------------
     0 | D:1      | Veritas99 the Centaur Hunter began the quest for the Orb.
     0 | D:1      | Reached XP level 1. HP: 17/17 MP: 1/1
   208 | D:1      | Reached XP level 2. HP: 24/24 MP: 2/2
   262 | D:1      | Reached skill level 6 in Bows
  1270 | D:3      | Reached XP level 3. HP: 26/29 MP: 3/3
  1772 | D:3      | Reached skill level 7 in Bows
  1790 | D:3      | Reached XP level 4. HP: 35/37 MP: 4/4
  2009 | D:3      | Found a faded altar of an unknown god.
  2009 | D:3      | Found a blossoming altar of Fedhas.
  2014 | D:3      | Found a hide-covered altar of Uskayaw.
  2021 | D:3      | Found an iron altar of Okawaru.
  2023 | D:3      | Found a faded altar of an unknown god.
  2046 | D:3      | Became a worshipper of the Shining One
  2046 | D:3      | Reached * piety under the Shining One
  2142 | D:4      | Noticed an ogre
  2148 | D:4      | Noticed Ablot's ghost (amateur GnWn)
  2204 | D:4      | Killed an ogre
  2204 | D:4      | Reached skill level 8 in Bows
  2204 | D:4      | Reached XP level 5. HP: 31/45 MP: 5/5
  2303 | D:4      | Killed Ablot's ghost
  2303 | D:4      | Reached skill level 9 in Bows
  2303 | D:4      | Reached skill level 1 in Armour
  2303 | D:4      | Reached XP level 6. HP: 39/52 MP: 6/6
  2787 | D:4      | Reached XP level 7. HP: 32/58 MP: 7/7
  3518 | D:5      | Entered Level 5 of the Dungeon
  3617 | D:5      | Reached skill level 1 in Short Blades
  3965 | D:5      | Reached skill level 10 in Bows
  4048 | D:5      | Noticed Sigmund
  4065 | D:5      | Killed Sigmund
  4150 | D:5      | Reached ** piety under the Shining One
  4161 | D:5      | Reached XP level 8. HP: 67/67 MP: 8/8
  4204 | D:5      | Reached skill level 5 in Fighting
  4273 | D:5      | Noticed Grinder
  4287 | D:5      | Killed Grinder
  4287 | D:5      | Reached skill level 11 in Bows
  4353 | D:5      | Noticed Menkaure
  4381 | D:5      | Killed Menkaure
  4506 | D:5      | Reached skill level 12 in Bows
  5230 | D:6      | Reached XP level 9. HP: 58/75 MP: 9/9
  5372 | D:6      | Found a staircase to the Ecumenical Temple.
  5598 | D:6      | Reached skill level 13 in Bows
  5816 | D:6      | Found an ornate altar of the Wu Jian Council.
  5862 | D:6      | Reached *** piety under the Shining One
  6344 | D:7      | Reached skill level 14 in Bows
  6368 | D:7      | Reached skill level 1 in Stealth
  6659 | D:7      | Found Zocics's Jewellery Shop.
  6962 | D:7      | Reached XP level 10. HP: 90/90 MP: 10/10
  7061 | D:8      | Reached **** piety under the Shining One
  7155 | D:8      | Noticed a fire crab
  7160 | D:8      | a fire crab changed into a shapeshifter
  7219 | D:8      | Noticed a two-headed ogre
  7239 | D:8      | Killed a two-headed ogre
  7239 | D:8      | Reached skill level 10 in Fighting
  7446 | D:8      | Noticed a white ugly thing
  7447 | D:8      | Noticed an unseen horror
  7458 | D:8      | Slain by a white ugly thing

Skill      XL: |  1  2  3  4  5  6  7  8  9 10 |
---------------+-------------------------------+-----
Bows           | 6 7 8 9 10 12 14 | 14.0
Fighting       | 3 4 5 8 10 | 10.2
Armour         | 1 2 3 |  3.3
Short Blades   | 1 |  1.1
Dodging        | 2 |  2.5
Stealth        | 1 |  1.1

Action                   |  1- 3 |  4- 6 |  7- 9 | 10-12 || total
-------------------------+-------+-------+-------+-------++-------
Melee: Short sword       |       |     1 |    11 |       ||    12
       Kick              |       |     1 |     3 |       ||     4
 Fire: Shortbow          |   114 |   104 |   511 |   130 ||   859
  Use: Scroll            |     5 |     3 |     7 |     1 ||    16
       Potion            |     4 |     3 |     1 |       ||     8
  Eat: Ration            |     1 |       |     4 |       ||     5
Armor: Leather armour    |    23 |    14 |    11 |    15 ||    63
Dodge: Dodged            |    18 |    25 |    42 |    22 ||   107
